 Dungeon Crawl Stone Soup version 0.18-a0-1702-gd20c6a5 (webtiles) character file.

292 HeWhoDoesNotSavescum the Insei (level 6, -3/47 HPs)
             Began as a Mummy Monk on Apr 7, 2016.
             Slain by a river rat (6 damage)
             ... on level 5 of the Dungeon.
             The game lasted 00:07:41 (4536 turns).

HeWhoDoesNotSavescum the Insei (Mummy Monk)         Turns: 4536, Time: 00:07:42

Health: -3/47      AC:  2    Str: 14    XL:     6   Next: 10%
Magic:  6/6        EV: 13    Int: 10    God:
Gold:   149        SH:  5    Dex: 16    Spells: 0 memorised, 5 levels left

rFire  x . .     SeeInvis .       - Unarmed
rCold  + . .     Gourm    .     (no armour)
rNeg   + + +     Faith    .     i - +0 buckler
rPois  ∞         Spirit   .     a - +1 hat
rElec  .         Dismiss  .     m - +0 cloak
rCorr  .         Reflect  .     (no gloves)
SustAt .         Harm     .     (no boots)
MR     .....                    (no amulet)
Stlth  ++........               (no ring)
                                (no ring)

@: not resistant to hostile enchantments, unstealthy
A: no food or potions, fire vulnerability, cold resistance 1, negative energy
resistance 3, torment resistance, unbreathing
a: no special abilities


You were on level 5 of the Dungeon.
You were not hungry.

You visited 1 branch of the dungeon, and saw 5 of its levels.

You collected 149 gold pieces.


Innate Abilities, Weirdness & Mutations

You do not eat or drink.
Your flesh is vulnerable to fire.
You are immune to poison.
Your flesh is cold resistant.
You are immune to negative energy.
You are immune to unholy pain and torment.
You can survive without breathing.


   Skills:
 - Level 3.0 Fighting
 - Level 2.4 Dodging
 - Level 1.5 Stealth
 + Level 3.1 Shields
 - Level 5.0 Unarmed Combat


You had 5 spell levels left.
You didn't know any spells.

Inventory:

Armour
 a - a +1 hat (worn)
 i - a +0 buckler (worn)
 m - a +0 cloak (worn)
Scrolls
 b - 2 scrolls of magic mapping {unknown}
 c - a scroll of immolation {unknown}
 d - 2 scrolls of fear {unknown}
 e - 4 scrolls of remove curse {unknown}
 f - a scroll of enchant weapon {unknown}
 g - a scroll of noise {unknown}
 h - 2 scrolls of enchant armour {unknown}
 j - a scroll of teleportation {unknown}
 k - a scroll of recharging {unknown}
 l - a scroll of amnesia {unknown}

Dungeon Overview and Level Annotations

Branches:
Dungeon (5/15)             Temple (0/1) D:4

Altars:
Fedhas
Qazlal
Sif Muna
The Shining One

Portals:
Sewer: D:5

Annotations:
D:2 1 exclusion
D:3 8 exclusions, Sigmund
D:4 exclusions: downstairs and orc wizard, skk's ghost, novice DsFi

▒.........▒▒.
▒.▒▒▒▒.........▒..
▒.▒▒.....<..S....▒
▒▒.▒▒.▒.▒▒▒▒▒▒▒.▒..
▒.......▒ ▒.▒..
▒......▒▒▒▒▒▒ ▒.▒..
▒>..........▒▒▒.▒.▒
▒......▒ ▒.▒▒.....
▒▒M▒▒Z.▒▒▒▒.....▒▒.
▒▒r▒▒.▒▒.....▒.S▒▒▒
▒▒▒▒▒rH...▒▒.▒▒▒▒▒▒....
▒...rS▒▒▒▒...▒ ▒>...
▒▒.▒r▒..▒▒▒.▒▒▒ ▒▒▒▒.
▒.......HS..▒ ▒▒
▒[.........▒▒
▒...≈≈≈...▒▒
▒..≈≈≈≈≈..▒


You could see a hippogriff, 2 river rats, a ball python and 2 rats.


Message History

* * * don't die
* * * You beat the adder into a bloody pulp!
The adder is severely wounded!
The adder barely misses you!
You squash the adder like an ant!
You annihilate the adder!!!
You closely miss the river rat!
The river rat bites you! * * * don't die
* * * You closely miss the river rat!
The river rat bites you! * * * don't die
* * * You barely miss the river rat!
The river rat barely misses you!
You beat the river rat into a bloody pulp!
The river rat is moderately wounded!
The river rat closely misses you!
You completely miss the river rat!
The river rat is moderately wounded!
The river rat bites you! * * * don't die
* * * You pummel the river rat but do no damage!
The river rat is moderately wounded!
You block the river rat's attack!
You pulverise the river rat!
The river rat is heavily wounded!
You hear the slow rusting of a drain nearby!
The river rat bites you! * * * don't die
* * * You pulverise the river rat but do no damage!
The river rat is heavily wounded!
The river rat bites you! rip

Action                   |  1- 3 |  4- 6 || total
-------------------------+-------+-------++-------
Melee: Unarmed           |   127 |   205 ||   332
 Stab: Sleeping          |     3 |       ||     3

Vault maps used:
D:1:      minmay_arrival_five_plusses
D:2:      grunt_qazlal_sundering, grunt_ministairs_8, kennysheep_generic_room_14
D:3:      tso_altar, first_bread, hangedman_decor_clover_reticule, uniq_jessica,
          uniq_sigmund, uniq_iyjb
D:4:      forest_paths, kennysheep_mini_moat,
          minmay_temple_entry_statues_pillars, uniq_edmund
D:5:      grunt_temple_overflow_open, serial_shops, nicolae_shop_behind_doors,
          portal_sewer_entry_a, uniq_grinder

Notes
Turn   | Place    | Note
--------------------------------------------------------------
     0 | D:1      | HeWhoDoesNotSavescum the Mummy Monk began the quest for the Orb.
     0 | D:1      | Reached XP level 1. HP: 18/18 MP: 1/1
   221 | D:1      | Reached XP level 2. HP: 24/24 MP: 2/2
   595 | D:1      | Reached skill level 4 in Unarmed Combat
   794 | D:2      | Found a stormy altar of Qazlal.
   890 | D:2      | Reached XP level 3. HP: 25/29 MP: 3/3
  1625 | D:3      | Reached XP level 4. HP: 29/35 MP: 4/4
  2032 | D:3      | Noticed Ijyb
  2109 | D:2      | Killed Ijyb
  2109 | D:2      | Reached skill level 5 in Unarmed Combat
  2258 | D:3      | Noticed Jessica
  2263 | D:2      | Killed Jessica
  2263 | D:2      | Reached skill level 1 in Shields
  2263 | D:2      | Reached XP level 5. HP: 34/41 MP: 5/5
  2575 | D:3      | Noticed Sigmund
  3281 | D:3      | Reached skill level 2 in Shields
  3469 | D:3      | Found a glowing golden altar of the Shining One.
  3544 | D:4      | Noticed an ogre
  4261 | D:4      | Noticed skk's ghost (novice DsFi)
  4383 | D:5      | Entered Level 5 of the Dungeon
  4383 | D:5      | Noticed a hippogriff
  4439 | D:4      | Found a staircase to the Ecumenical Temple.
  4473 | D:5      | Found a blossoming altar of Fedhas.
  4476 | D:5      | Found a deep blue altar of Sif Muna.
  4496 | D:5      | Reached skill level 3 in Shields
  4496 | D:5      | Reached XP level 6. HP: 34/47 MP: 6/6
  4507 | D:5      | Found a glowing drain.
  4535 | D:5      | HP: 2/47 [river rat (6)]
  4536 | D:5      | Slain by a river rat

Vanquished Creatures
  2 hounds
  Jessica (D:2)
  Ijyb (D:2)
  8 adders
  A howler monkey skeleton (D:4)
  2 oozes
  4 worms
  2 dart slugs (D:1)
  4 giant geckos
  3 orcs
  2 ball pythons (D:3)
  4 giant cockroaches
  4 goblins
  7 hobgoblins
  4 jackals (D:2)
  2 quokkas
  5 bats
  2 giant newts
  A jackal skeleton (D:4)
  8 kobolds
  8 rats
75 creatures vanquished.
